 Dungeon Crawl Stone Soup version 0.31-a0-152-g6aa68a64a1 (webtiles) character file.

Game seed: 17156137519072284819

34 qw the Shooter (level 3, 0/31 HPs)
             Began as a Minotaur Hunter on June 9, 2023.
             Succumbed to their own poison gas
             ... on level 1 of the Dungeon.
             The game lasted 00:00:23 (1104 turns).

qw the Shooter (Minotaur Hunter)                    Turns: 1104, Time: 00:00:24

Health: 0/31       AC:  5    Str: 15    XL:     3   Next: 14%
Magic:  2/2        EV: 11    Int:  6    God:
Gold:   59         SH:  0    Dex: 15    Spells: 2/2 levels left

rFire   . . .        Y - +1 shortbow
rCold   . . .        (shield currently unavailable)
rNeg    . . .        a - +0 ring mail
rPois   .            (helmet restricted)
rElec   .            (no cloak)
rCorr   .            (no gloves)
SInv    .            (no boots)
Will    .....        (no amulet)
Stlth   +            (no ring)
HPRegen 0.25/turn    (no ring)
MPRegen 0.08/turn

%: no passive effects
@: lethally poisoned (0 -> -26)
A: horns 2, retaliatory headbutt
a: no special abilities


You were on level 1 of the Dungeon.
You visited 1 branch of the dungeon, and saw 2 of its levels.

You collected 59 gold pieces.


Innate Abilities, Weirdness & Mutations

You have a pair of horns on your head.
You reflexively headbutt those who attack you in melee.


   Skills:
 - Level 3.0 Fighting
 - Level 5.3 Ranged Weapons
 + Level 0.0 Armour
 - Level 2.1 Dodging
 - Level 0.7 Stealth


You had 2 spell levels left.
You didn't know any spells.
Your spell library was empty.

Inventory:

Hand Weapons
 Y - a +1 shortbow (weapon)
Armour
 a - a +0 ring mail (worn)
Scrolls
 f - a scroll of teleportation
Potions
 e - a potion of curing
 g - a potion of heal wounds {unknown}
 i - a potion of brilliance {unknown}
 j - a potion of attraction {unknown}
 k - a potion of mutation {unknown}

Dungeon Overview and Level Annotations

Branches:
Dungeon (2/15)

Altars:


Message History

It was a scroll of poison.
Done exploring.
1098 ||| READING scroll labelled ZUSMIO ZOSHROO.
As you read the scroll labelled ZUSMIO ZOSHROO, it crumbles to dust.
It is a scroll of enchant weapon.
Your +0 shortbow glows red for a moment.
Done exploring.
1099 ||| READING scroll labelled WEOCZIT OLUGG.
As you read the scroll labelled WEOCZIT OLUGG, it crumbles to dust.
You feel momentarily disoriented.
It was a scroll of magic mapping.
Done exploring.
1100 ||| READING scroll labelled PETI APUROTS.
As you read the scroll labelled PETI APUROTS, it crumbles to dust.
It is a scroll of amnesia.
You feel forgetful for a moment.
Done exploring.
1101 ||| DRINKING 2 fizzy cyan potions.
It was a potion of curing.
You feel better.
Done exploring.
(D) Dungeon
Where to? (* - list waypoints, Enter - D:2, ? - help)
What level of the Dungeon? (default 1, ? - help) Sorry, I don't know how to get there.
Enter note:
Enter note:
Enter note:
Enter note:
Enter note:
Enter note:
Enter note:
Enter note:
Enter note: Really walk into that cloud of poison gas?
You are engulfed in poison gas.
You are poisoned.
You feel very sick.
There is a stone staircase leading up here.
1103 ||| STAIRDANCE You are engulfed in poison gas.
You are lethally poisoned!
You feel extremely sick.
You climb upwards.
You die...

.##........%.######
#..###.#
.#................#
##...#.#
.#................#
###.#.#
..................#
#.#.#
..................#
#.#.#
.............^....#
#.#.#
..................#
#.#.#
.#........#.......#
#.#.#
#...............@.#
###.#.##
....%.............#
#.......
.#.>.......########
#.......
.#%........#
#.......
.#.........#
#.......
.##.......##
#.......
.###.....##
#....... ## #######
########


There were no monsters in sight!

Vanquished Creatures
  An adder (D:2)
  A ball python (D:2)
  4 endoplasms
  A giant cockroach (D:2)
  A hobgoblin (D:1)
  3 jackals
  2 kobolds
  A quokka (D:1)
  3 bats
  A frilled lizard (D:2)
  2 goblins (D:1)
  2 rats (D:1)
22 creatures vanquished.

Notes
Turn   | Place    | Note
-------+----------+-------------------------------------------
     0 | D:1      | qw the Minotaur Hunter began the quest for the Orb.
     0 | D:1      | Reached XP level 1. HP: 18/18 MP: 0/0
     0 | D:1      | 0 ||| qw: Version: 0.2-a-121-gba3a3e5
     0 | D:1      | 0 ||| qw: Game counter: 3228
     0 | D:1      | 0 ||| qw: Always use a shield: true
     0 | D:1      | 0 ||| qw: God list: Okawaru
     0 | D:1      | 0 ||| qw: Allow faded altars: false
     0 | D:1      | 0 ||| qw: Do Orc after D:15 true
     0 | D:1      | 0 ||| qw: Do second Lair branch before Depths: true
     0 | D:1      | 0 ||| qw: Lair rune preference: random
     0 | D:1      | 0 ||| qw: Plans: Normal
     0 | D:1      | 0 ||| PLANNING D:1-11
   217 | D:1      | Reached XP level 2. HP: 25/25 MP: 1/1
   250 | D:1      | Reached skill level 5 in Ranged Weapons
   412 | D:1      | 412 ||| READING scroll labelled MULOBR IXKYCHE.
   413 | D:1      | 413 ||| READING 2 scrolls labelled AFIUME RENYM.
   416 | D:1      | 416 ||| READING scroll labelled IGUESH DOEM.
   417 | D:1      | 417 ||| DRINKING 2 bubbling golden potions.
   418 | D:1      | 418 ||| DRINKING 2 sapphire potions.
   445 | D:1      | 445 ||| DROPPING scroll of butterflies.
   446 | D:1      | 446 ||| DROPPING potion of invisibility.
   447 | D:1      | 447 ||| DROPPING potion of lignification.
   470 | D:2      | 470 ||| STAIRDANCE
   695 | D:2      | Reached skill level 3 in Fighting
   762 | D:2      | Reached XP level 3. HP: 31/31 MP: 2/2
  1086 | D:2      | 1086 ||| UPGRADING to +0 ring mail.
  1096 | D:2      | 1096 ||| DROPPING +0 leather armour.
  1097 | D:2      | 1097 ||| READING scroll labelled FUXU OMUEWKA.
  1098 | D:2      | 1098 ||| READING scroll labelled ZUSMIO ZOSHROO.
  1099 | D:2      | 1099 ||| READING scroll labelled WEOCZIT OLUGG.
  1100 | D:2      | 1100 ||| READING scroll labelled PETI APUROTS.
  1101 | D:2      | 1101 ||| DRINKING 2 fizzy cyan potions.
  1103 | D:2      | 1103 ||| STAIRDANCE
  1103 | D:2      | HP: 7/31 [poisoned by you (poison gas)]
  1104 | D:1      | Succumbed to their own poison gas

Levels and vault maps discovered:
D:1:      amcnicky_arrival_blooded_trapdoor, layout_rooms
D:2:      layout_loops_cross

Skill      XL: |  1  2 |
---------------+-------+-----
Ranged Weapons | 5 |  5.3
Fighting       | 3 |  3.0
Dodging        | |  2.1
Stealth        | |  0.7

Action                     || total
---------------------------++-------
   Fire: Shortbow          ||    57
    Use: Scroll            ||     7
         Potion            ||     3
 Armour: Leather armour    ||    16
  Dodge: Dodged            ||    28

Table legend:
 A = Non-vault XP
 B = Vault XP
 C = Vault XP percentage of total XP
 D = Non-vault monster count
 E = Vault monster count
 F = Vault count percentage of total count
                 A         B        C        D         E       F
            +---------+---------+-------+---------+---------+-------
      Total |      49 |       0 |   0.0 |      22 |       0 |   0.0
            +---------+---------+-------+---------+---------+-------
        D:1 |      22 |       0 |   0.0 |      13 |       0 |   0.0
        D:2 |      27 |       0 |   0.0 |       9 |       0 |   0.0
            +---------+---------+-------+---------+---------+-------
